 Dungeon Sprint DCSS version 0.30-a0-123-g91d0c66ccf (webtiles) character file.

Game seed: 6307710012793192066

206342 mhtbhm the Petrodigitator (level 17, -1/84 HPs)
             Began as a Gargoyle Earth Elementalist on Sept 17, 2022.
             Was the Champion of Vehumet.
             Slain by an acid blob (19 damage)
             ... created by the Royal Jelly
             ... in the Dungeon (Sprint III: "The Ten Rune Challenge") on Sept 18, 2022.
             The game lasted 00:50:18 (13669 turns).

mhtbhm the Petrodigitator (GrEE)                   Turns: 13669, Time: 00:50:18

Health: -1/84      AC: 32    Str: 13    XL:     17   Next: 35%
Magic:  5/57       EV: 15    Int: 28    God:    Vehumet [******]
Gold:   1175       SH:  0    Dex:  8    Spells: 14/70 levels left

rFire   + . .      SeeInvis +    D - staff of earth
rCold   + + .      Faith    .    (no shield)
rNeg    + + .      Spirit   .    a - +2 troll leather armour
rPois   ∞          Reflect  .    q - +2 helmet {SInv}
rElec   +          Harm     .    t - +2 cloak {Stlth+}
rCorr   +          Rampage  .    b - +0 pair of gloves
Will    +....      NoTele   +    s - +0 pair of boots {Fly}
Stlth   ++++......               z - amulet "Aggeiweo" {Acrobat rC+ Int+2}
HPRegen 1.04/turn                U - ring of Noibeov {rF+ rCorr AC+4 Int+3 Dex-2}
MPRegen 0.35/turn                I - ring of Xom's Attic {rC+ rN+ MP+9 Slay+3}

@: corroded, flying
A: sickness immunity, AC +12, big wings, negative energy resistance 1,
electricity resistance, torment resistance 1, petrification resistance
}: 4/10 runes: decaying, serpentine, silver, golden
a: Renounce Religion


You were in the Dungeon.
You worshipped Vehumet.
Vehumet was exalted by your worship.
You visited 1 branch You collected 5868 gold pieces.
You spent 4693 gold pieces at shops.

Inventory:

Hand Weapons
 h - the +5 mace of the Battered Seers {vorpal, rElec rF- Will+++ SInv}
   (You found it in the Dungeon)

   It inflicts extra damage upon your enemies.
   rF:        It makes you vulnerable to fire.
   rElec:     It insulates you from electricity.
   SInv:      It lets you see invisible.
   Will:      It greatly increases your willpower.
 R - a +5 morningstar of holy wrath
Missiles
 c - 7 curare-tipped darts (quivered)
 p - 4 javelins
 r - 10 datura-tipped darts
Armour
 a - a +2 troll leather armour (worn)
 b - a +0 pair of gloves (worn)
 q - a +2 helmet of see invisible (worn)
 s - a +0 pair of boots of flying (worn)
 t - a +2 cloak of stealth (worn)
 x - a +2 robe of cold resistance
 G - the +9 tower shield of Springtime {Harm rCorr}
   (You found it in the Dungeon)

   rCorr:     It protects you from acid and corrosion.
   Harm:      It increases damage dealt and taken.
 O - the +1 pair of gloves "Forget-Me-Not" {-Tele Rampage rF++ Int+4}
   (You bought it in a shop in the Dungeon)

   Int:       It affects your intelligence (+4).
   rF:        It greatly protects you from fire.
   -Tele:     It prevents most forms of teleportation.
   Rampage:   It bestows one free step when moving towards enemies.
Magical Staves
 D - a staff of earth (weapon)
Jewellery
 u - an amulet of reflection
 y - a +4 ring of protection
 z - the amulet "Aggeiweo" (around neck) {Acrobat rC+ Int+2}
   (You found it in the Dungeon)

   [amulet of the acrobat]

   It increases your evasion while moving and waiting.
   Int:       It affects your intelligence (+2).
   rC:        It protects you from cold.
 F - the ring of Ducw {Fire rPois Will+++ Str+4 Dex-5}
   (You found it in the Dungeon)

   [ring of fire]

   It enhances your fire magic.
   Str:       It affects your strength (+4).
   Dex:       It affects your dexterity (-5).
   rF:        It protects you from fire.
   rC:        It makes you vulnerable to cold.
   rPois:     It protects you from poison.
   Will:      It greatly increases your willpower.
 I - the ring of Xom's Attic (right hand) {rC+ rN+ MP+9 Slay+3}
   (You found it in the Dungeon)

   [ring of magical power]

   Slay:      It affects your accuracy & damage with ranged weapons and melee
   (+3).
   rC:        It protects you from cold.
   rN:        It protects you from negative energy.
   MP:        It affects your magic capacity (+9).
 L - the ring of Pumpyt {Fly rF+ rC++ Dex-5 SInv}
   (You found it in the Dungeon)

   [ring of flight]

   Dex:       It affects your dexterity (-5).
   rF:        It protects you from fire.
   rC:        It greatly protects you from cold.
   SInv:      It lets you see invisible.
   Fly:       It grants you flight.
 N - the ring "Jiedeux" {MP+9 Dex+3}
   (You found it in the Dungeon)

   [ring of magical power]

   Dex:       It affects your dexterity (+3).
   MP:        It affects your magic capacity (+9).
 P - a ring of fire
 Q - the amulet of Iregoroe {RegenMP rF+}
   (You acquired it in the Dungeon)

   [amulet of magic regeneration]

   It increases your rate of magic regeneration.
   rF:        It protects you from fire.
 U - the ring of Noibeov (left hand) {rF+ rCorr AC+4 Int+3 Dex-2}
   (You bought it in a shop in the Dungeon)

   [ring of protection]

   AC:        It affects your AC (+4).
   Int:       It affects your intelligence (+3).
   Dex:       It affects your dexterity (-2).
   rF:        It protects you from fire.
   rCorr:     It protects you from acid and corrosion.
 X - the ring "Rimyanua" {rElec rN+ MP+9}
   (You bought it in a shop in the Dungeon)

   [ring of positive energy]

   rElec:     It insulates you from electricity.
   rN:        It protects you from negative energy.
   MP:        It affects your magic capacity (+9).
Wands
 g - a wand of paralysis (11)
 C - a wand of iceblast (1)
 S - a wand of mindburst (46)
Scrolls
 f - 3 scrolls of torment
 i - a scroll of enchant armour
 j - a scroll of fog {unknown}
 k - 3 scrolls of immolation
 l - 3 scrolls of identify
 v - 6 scrolls of amnesia
 B - a scroll of magic mapping
 H - a scroll of poison
 K - a scroll of silence
Potions
 d - 4 potions of heal wounds
 e - 2 potions of haste
 m - 7 potions of mutation
 n - 2 potions of might
 w - a potion of attraction
 A - 3 potions of magic
 M - a potion of invisibility
 T - 3 potions of curing
 V - a potion of resistance
 W - a potion of brilliance
Miscellaneous
 o - a condenser vane
 E - a box of beasts
 J - a tin of tremorstones (2/2)


   Skills:
 - Level 2.2 Fighting
 * Level 8.9(9.0) Maces & Flails
 - Level 0.2(5.5) Staves
 + Level 15.4 Armour
 + Level 14.5 Dodging
 - Level 8.0 Stealth
 - Level 10.8 Shields
 O Level 27 Spellcasting
 O Level 27 Conjurations
 + Level 2.4 Transmutations
 * Level 10.5 Fire Magic
 O Level 27 Earth Magic
 + Level 11.5 Evocations


You had 14 spell levels left.
You knew the following spells:

 Your Spells              Type           Power      Damage    Failure   Level
a - Sandblast             Erth           100%       2d20      0%          1
b - Passwall              Tmut/Erth      91%        N/A       0%          2
c - Stone Arrow           Conj/Erth      100%       3d13      0%          3
d - Petrify               Tmut/Erth      100%       N/A       1%          4
e - Dazzling Flash        Conj/Hex       100%       N/A       0%          3
f - Lee's Rapid Deconstr  Erth           68%        3d32*     0%          5
g - Iron Shot             Conj/Erth      68%        9d13      0%          6
h - Lehudib's Crystal Sp  Conj/Erth      68%        10d15     1%          8
i - Shatter               Erth           68%        3d50*     1%          9
j - Fireball              Conj/Fire      48%        3d19      0%          5
k - Ignition              Fire           38%        3d11      17%         8
l - Scorch                Fire           100%       2d10      0%          2

Your spell library contained the following spells:

 Spells                   Type           Power      Damage    Failure   Level
 Chain Lightning          Conj/Air       42%        3d56      58%         9
 Polar Vortex             Ice            18%        N/A       100%        9
 Static Discharge         Conj/Air       100%       2-7/arc   0%          2
 Flame Wave               Conj/Fire      97%        2d20      0%          4
 Necrotise                Necr           100%       1d9       1%          1
 Kindle Blastsparks       Fire/Tloc/Air  100%       2d18      1%          3
 Fulminant Prism          Conj/Hex       42%        3d20      1%          4
 Iskenderun's Mystic Bla  Conj/Tloc      85%        2d17      1%          4
 Leda's Liquefaction      Hex/Erth       53%        N/A       1%          4
 Arcjolt                  Conj/Air       42%        1d52      1%          5
 Lightning Bolt           Conj/Air       42%        1d62      1%          5
 Starburst                Conj/Fire      48%        6d13      1%          6
 Vampiric Draining        Necr           37%        2d8       2%          3
 Passage of Golubria      Tloc           37%        N/A       8%          4
 Eringya's Noxious Bog    Tmut/Pois      22%        N/A       19%         6
 Agony                    Necr           37%        N/A       22%         5
 Silence                  Hex/Air        18%        N/A       22%         5
 Summon Forest            Summ/Tloc      18%        N/A       22%         5
 Summon Mana Viper        Hex/Summ       37%        N/A       22%         5
 Death Channel            Necr           18%        N/A       77%         6
 Summon Cactus Giant      Summ           18%        N/A       77%         6
 Maxwell's Capacitive Co  Air            18%        ∞         100%        8
 Statue Form              Tmut/Erth      Unusable   N/A       N/A         6

Dungeon Overview and Level Annotations

Branches:
Dungeon (1/1)

Altars:
Cheibriados
Dithmenos
Elyvilon
Fedhas
Gozag
Hepliaklqana
Kikubaaqudgha
Makhleb
Nemelex Xobeh
Okawaru
Qazlal
Ru
Sif Muna
Trog
Uskayaw
Vehumet
Wu Jian
Xom
Yredelemnul
Zin
The Shining One
Jiyva
Lugonu

Shops:
D =[!!?=[[[[![[*![[((=:*?


Innate Abilities, Weirdness & Mutations

You are immune to sickness and miasma.
Your stone body is resilient. (AC +12)
You are immune to poison.
Your large and strong wings let you fly.
You resist negative energy. (rN+)
You are resistant to electric shocks. (rElec)
You are resistant to unholy torment.
You are immune to petrification.


Message History

The dungeon rumbles!
You kill the acid blob!
That felt strangely unrewarding.
The acid blob is heavily wounded.
The azure jelly is severely wounded.
The acid blob is severely wounded.
You kill the acid blob!
That felt strangely unrewarding.
You kill the quicksilver ooze!
That felt strangely unrewarding.
Ka-crash!
Unknown command.
Unknown command.
Casting: Shatter (dangerous; 1% risk of failure)
Confirm with . or Enter, or press ? or * to list all spells.
You feel a surge of power!
The dungeon rumbles!
The azure jelly is almost dead.
The acid blob is severely wounded.
The acid blob is almost dead.
Ka-crash!
You hear a roar!
You hear a hideous shriek!
The acid blob hits you but does no damage.
The azure jelly hits you but does no damage.
The azure jelly hits you. The azure jelly freezes you! You resist.
* * * LOW HITPOINT WARNING * * *
The azure jelly hits you but does no damage.
The azure jelly closely misses you.
Unknown command.
Press: ? - help, v - describe, . - travel
Here: an azure jelly (almost dead)
The floor.
Unknown command.
You feel much better. The acid blob spits acid at you.
The splash of acid hits you but does no damage.
The azure jelly hits you. The azure jelly freezes you! You resist.
The azure jelly hits you. The azure jelly freezes you! You resist.
* * * LOW HITPOINT WARNING * * *
The azure jelly hits you but does no damage.
The azure jelly barely misses you. The acid blob hits you!!
You die...

#'#############'####
▓.........#. #.....
▓........... #.....
▓..........## ######
▓...........#*
##....
▓............#
#.....
▓......}.#...#
#..###
▓.....|φ)...##
#.....
▓...@J.:.....#
##....
▓...JJ.......# #####
▓...........##
##..)) ▓...........#
#∩...) ▓....../....
#∩.### ▓..........#
#∩.... ▓...........
##.... ▓...#....#.#
#####
********************


You could see 2 acid blobs and an azure jelly.

Vanquished Creatures
  the Royal Jelly (D)
  An ancient lich (D)
  Mara (D)
  2 royal mummies (D)
  Frederick (D)
  A golden dragon (D)
  Nikola (D)
  A Hell Sentinel (D)
  Rupert (D)
  A lich (D)
  A titan (D)
  2 quicksilver dragons (D)
  An ancient champion (D)
  A deep elf master archer (D)
  An Executioner (D)
  Chuck (D)
  2 sphinxes (D)
  Gastronok (D)
  Harold (D)
  2 shadow dragons (D)
  5 acid blobs (D)
  A storm dragon (D)
  Roxanne (D)
  A nagaraja (D)
  11 azure jellies (D)
  2 rockslimes (D)
  A frost giant (D)
  2 fire giants (D)
  A draconian stormcaller (D)
  6 quicksilver oozes (D)
  Azrael (D)
  2 stone giants (D)
  A deep elf demonologist (D)
  Nessos (D)
  2 vampire knights (D)
  2 deep elf annihilators (D)
  Snorg (D)
  2 dire elephants (D)
  10 mummy priests (D)
  A fire dragon (D)
  A deep elf death mage (D)
  A yaktaur captain (D)
  A deep elf high priest (D)
  3 hydras (D)
  15 vault guards (D)
  2 hell beasts (D)
  2 anacondas (D)
  3 centaur warriors (D)
  An ogre mage (D)
  A naga warrior (D)
  4 death yaks (D)
  4 dancing weapons (D)
  3 orc high priests (D)
  Urug (D)
  A titan zombie (D)
  A shadow wraith (D)
  3 deep elf knights (D)
  2 soul eaters (D)
  9 skeletal warriors (D)
  2 sun demons (D)
  3 death drakes (D)
  An obsidian statue (D)
  A spriggan druid (D)
  A spectral hydra (D)
  A lindwurm (D)
  4 orc knights (D)
  Joseph (D)
  A deep elf pyromancer (D)
  An orange crystal statue (D)
  5 deep elf zephyrmancers (D)
  4 crystal guardians (D)
  2 oklob plants (D)
  2 shining eyes (D)
  A mana viper (shapeshifter) (D)
  6 ugly things (D)
  2 elephants (D)
  2 iron troll simulacra (D)
  A torpor snail (shapeshifter) (D)
  8 black mambas (D)
  4 statues (D)
  A guardian serpent (D)
  A molten gargoyle (D)
  An unseen horror (D)
  2 cane toads (D)
  7 yaktaurs (D)
  A komodo dragon (D)
  A rime drake (D)
  2 ice devils (D)
  16 guardian mummies (D)
  4 spriggan defenders (D)
  3 wandering mushrooms (D)
  2 tyrant leeches (D)
  8 blink frogs (D)
  11 slime creatures (D)
  3 hornets (D)
  A dream sheep (shapeshifter) (D)
  A shadow (D)
  2 spriggans (D)
  3 redbacks (D)
  2 nagas (D)
  A spatial vortex (D)
  2 hydra simulacra (D)
  2 water moccasins (D)
  2 floating eyes (D)
  A swamp drake (D)
  3 orc warriors (D)
  5 swamp dragon skeletons (D)
  2 centaurs (D)
  An earth elemental (D)
  A water elemental (D)
  A necrophage (D)
  29 killer bees (D)
  5 electric eels (D)
  7 orc priests (D)
  A jelly (D)
  A wizard (D)
  A necromancer (D)
  A polar bear simulacrum (D)
  A wolf simulacrum (D)
  3 humans (D)
  A kobold demonologist (D)
  2 adders (D)
  A phantom (D)
  7 orcs (D)
  An endoplasm (D)
  A frilled lizard (D)
  3 rats (D)
  A ballistomycete spore (D)
  2 butterflies (D)
350 creatures vanquished.

Vanquished Creatures (collateral kills)
  A vault guard (D)
  A queen bee (D)
  2 killer bees (D)
4 creatures vanquished.

Vanquished Creatures (others)
  A floating eye (D)
  A killer bee (D)
  6 ball lightnings (D)
  A ballistomycete spore (D)
  A bush (D)
  21 plants (D)
31 creatures vanquished.

Grand Total: 385 creatures vanquished

Notes
Turn   | Place    | Note
-------+----------+-------------------------------------------
     0 | D        | mhtbhm the Gargoyle Earth Elementalist began the quest for
                  | the Orb.
     0 | D        | Reached XP level 1. HP: 10/10 MP: 3/3
   108 | D        | Reached skill level 5 in Earth Magic
   108 | D        | Reached XP level 2. HP: 10/15 MP: 0/6
   224 | D        | Learned a level 2 spell: Passwall
   269 | D        | Reached XP level 3. HP: 19/19 MP: 1/7
   273 | D        | Learned a level 3 spell: Stone Arrow
   337 | D        | Noticed a water elemental
   660 | D        | Killed a water elemental
   661 | D        | Reached skill level 5 in Spellcasting
   661 | D        | Reached XP level 4. HP: 23/24 MP: 8/11
   767 | D        | Found a radiant altar of Vehumet.
   767 | D        | Found a shimmering blue altar of Sif Muna.
   767 | D        | Found an ancient bone altar of Kikubaaqudgha.
   767 | D        | Noticed a wizard
   768 | D        | Killed a wizard
   769 | D        | Reached skill level 1 in Transmutations
   769 | D        | Reached XP level 5. HP: 28/28 MP: 11/13
   822 | D        | Became a worshipper of Vehumet
   828 | D        | Learned a level 4 spell: Petrify
   881 | D        | Found a basalt altar of Yredelemnul.
   881 | D        | Found a shadowy altar of Dithmenos.
   881 | D        | Found a sacrificial altar of Ru.
   886 | D        | Reached skill level 10 in Earth Magic
  1021 | D        | Found a glowing silver altar of Zin.
  1021 | D        | Found a glowing golden altar of the Shining One.
  1021 | D        | Found a white marble altar of Elyvilon.
  1021 | D        | Noticed a deep elf pyromancer
  1025 | D        | Killed a deep elf pyromancer
  1025 | D        | Reached * piety under Vehumet
  1025 | D        | Offered knowledge of Freeze by Vehumet.
  1026 | D        | Reached skill level 1 in Fighting
  1026 | D        | Reached XP level 6. HP: 34/35 MP: 8/18
  1026 | D        | Reached XP level 7. HP: 38/39 MP: 8/20
  1094 | D        | Found a hide-covered altar of Uskayaw.
  1094 | D        | Found an iron altar of Okawaru.
  1094 | D        | Found a bloodstained altar of Trog.
  1094 | D        | Found an ornate altar of the Wu Jian Council.
  1094 | D        | Noticed a human
  1094 | D        | Noticed a human
  1096 | D        | Killed a human
  1097 | D        | Reached skill level 10 in Spellcasting
  1099 | D        | Killed a human
  1100 | D        | Reached XP level 8. HP: 41/44 MP: 14/22
  1157 | D        | Reached ** piety under Vehumet
  1165 | D        | Noticed a shadow
  1169 | D        | Killed a shadow
  1170 | D        | Reached skill level 5 in Stealth
  1342 | D        | Found a blossoming altar of Fedhas.
  1342 | D        | Found a stormy altar of Qazlal.
  1342 | D        | Found a snail-covered altar of Cheibriados.
  1342 | D        | Found a burning altar of Makhleb.
  1342 | D        | Found a shimmering altar of Xom.
  1343 | D        | Found a hazy altar of Hepliaklqana.
  1343 | D        | Found an opulent altar of Gozag.
  1343 | D        | Found a sparkling altar of Nemelex Xobeh.
  1343 | D        | Found a corrupted altar of Lugonu.
  1343 | D        | Found a viscous altar of Jiyva.
  1348 | D        | Offered knowledge of Poisonous Vapours by Vehumet.
  1447 | D        | Noticed Snorg
  1455 | D        | Noticed an orc high priest
  1456 | D        | Noticed an orc knight
  1457 | D        | Reached *** piety under Vehumet
  1462 | D        | Killed an orc high priest
  1462 | D        | Reached **** piety under Vehumet
  1463 | D        | Reached skill level 15 in Earth Magic
  1463 | D        | Reached XP level 9. HP: 38/48 MP: 23/25
  1467 | D        | Noticed an orc high priest
  1469 | D        | Killed an orc knight
  1470 | D        | Reached skill level 1 in Evocations
  1473 | D        | Killed an orc high priest
  1473 | D        | Reached ***** piety under Vehumet
  1556 | D        | Found Faely's Distillery.
  1599 | D        | Bought 2 potions of heal wounds for 110 gold pieces
  1674 | D        | Killed Snorg
  1674 | D        | Offered knowledge of Ignite Poison by Vehumet.
  1675 | D        | Reached XP level 10. HP: 45/53 MP: 3/28
  1883 | D        | Offered knowledge of Dazzling Flash by Vehumet.
  2084 | D        | Learned a level 3 spell: Dazzling Flash
  2086 | D        | Noticed a centaur warrior
  2090 | D        | Offered knowledge of Arcjolt by Vehumet.
  2090 | D        | Reached ****** piety under Vehumet
  2091 | D        | Reached skill level 5 in Conjurations
  2096 | D        | Killed a centaur warrior
  2097 | D        | Reached skill level 15 in Spellcasting
  2376 | D        | Killed an unseen horror
  2376 | D        | Offered knowledge of Lee's Rapid Deconstruction by Vehumet.
  2523 | D        | Learned a level 5 spell: Lee's Rapid Deconstruction
  2944 | D        | Offered knowledge of Iron Shot by Vehumet.
  2949 | D        | Reached XP level 11. HP: 54/57 MP: 14/31
  3138 | D        | Learned a level 6 spell: Iron Shot
  3162 | D        | Offered knowledge of Starburst by Vehumet.
  3571 | D        | Noticed a lindwurm
  3577 | D        | Killed a lindwurm
  3709 | D        | Offered knowledge of Yara's Violent Unravelling by Vehumet.
  3904 | D        | Noticed Urug
  3913 | D        | Killed Urug
  4031 | D        | Noticed a four-headed hydra
  4031 | D        | Noticed a five-headed hydra
  4037 | D        | Killed a four-headed hydra
  4038 | D        | Killed a five-headed hydra
  4039 | D        | Noticed a death drake
  4043 | D        | Killed a death drake
  4043 | D        | Offered knowledge of Ozocubu's Refrigeration by Vehumet.
  4183 | D        | Noticed a death drake
  4195 | D        | Killed a death drake
  4327 | D        | Noticed a death drake
  4344 | D        | Killed a death drake
  4345 | D        | Reached XP level 12. HP: 59/62 MP: 14/34
  4508 | D        | Found Esuiffuj's Magic Scroll Emporium.
  4508 | D        | Found Ziunude's Jewellery Shop.
  4508 | D        | Found Yqoupt's Antique Armour Shoppe.
  4513 | D        | Noticed an eight-headed hydra
  4518 | D        | Killed an eight-headed hydra
  4636 | D        | Bought a scroll of blinking for 82 gold pieces
  4636 | D        | Bought a scroll of blinking for 82 gold pieces
  4652 | D        | Got a decaying rune of Zot
  4687 | D        | Found a blossoming altar of Fedhas.
  5008 | D        | Offered knowledge of Conjure Ball Lightning by Vehumet.
  5163 | D        | Noticed Rupert
  5165 | D        | Paralysed by Rupert for 2 turns
  5178 | D        | Killed Rupert
  5402 | D        | Noticed a death yak
  5403 | D        | Noticed a death yak
  5405 | D        | Noticed a death yak
  5407 | D        | Killed a death yak
  5408 | D        | Killed a death yak
  5408 | D        | Noticed a death yak
  5411 | D        | Killed a death yak
  5411 | D        | Offered knowledge of Lehudib's Crystal Spear by Vehumet.
  5412 | D        | Killed a death yak
  5530 | D        | Noticed an azure jelly
  5530 | D        | Noticed an azure jelly
  5564 | D        | Learned a level 8 spell: Lehudib's Crystal Spear
  5603 | D        | Noticed Harold
  5603 | D        | Noticed Joseph
  5610 | D        | Killed Harold
  5611 | D        | Killed Joseph
  5612 | D        | Reached XP level 13. HP: 57/67 MP: 2/38
  6090 | D        | Offered knowledge of Shatter by Vehumet.
  6090 | D        | Offered knowledge of Chain Lightning by Vehumet.
  6090 | D        | Offered knowledge of Polar Vortex by Vehumet.
  6421 | D        | Found Oshihe's Antique Weapon Emporium.
  6421 | D        | Found Jahao's Jewellery Shop.
  6421 | D        | Found Takleus's Antique Armour Boutique.
  6421 | D        | Found Syapn's Magic Scroll Shoppe.
  6421 | D        | Found Ibofiorph's Antique Armour Boutique.
  6421 | D        | Found Yptos's Antique Weapon Emporium.
  6421 | D        | Found Vuiskuu's Distillery.
  6421 | D        | Found Bavuts's General Store.
  6421 | D        | Found Vetoodgh's General Store.
  6421 | D        | Found Wianas's Antique Armour Emporium.
  6421 | D        | Found Ipreif's Book Boutique.
  6468 | D        | Bought 2 potions of heal wounds for 140 gold pieces
  6469 | D        | Bought a pair of runed boots for 165 gold pieces
  6476 | D        | Bought a potion of heal wounds for 55 gold pieces
  6476 | D        | Bought a potion of haste for 110 gold pieces
  6477 | D        | Bought an embroidered cloak for 202 gold pieces
  6483 | D        | Bought a shimmering robe for 153 gold pieces
  6483 | D        | Identified the +2 robe "Ujicedgh" {Regen+} (You bought it
                  | in a shop in the Dungeon)
  6497 | D        | Bought an amulet of reflection for 360 gold pieces
  6503 | D        | Bought a scroll of magic mapping for 105 gold pieces
  6508 | D        | Bought a scroll of amnesia for 44 gold pieces
  6577 | D        | Learned a level 9 spell: Shatter
  6675 | D        | Noticed Azrael
  6678 | D        | Killed Azrael
  6715 | D        | Acquired 1224 gold pieces
  6836 | D        | Noticed a deep elf annihilator
  6837 | D        | Noticed a deep elf annihilator
  6838 | D        | Noticed a deep elf death mage
  6839 | D        | Killed a deep elf annihilator
  6840 | D        | Reached skill level 5 in Dodging
  6840 | D        | Noticed a deep elf high priest
  6841 | D        | Killed a deep elf death mage
  6843 | D        | Killed a deep elf high priest
  6843 | D        | Noticed a deep elf master archer
  6844 | D        | Killed a deep elf annihilator
  6846 | D        | Killed a deep elf master archer
  6862 | D        | Noticed a deep elf demonologist
  6868 | D        | Noticed a Tzitzimitl
  6870 | D        | Killed a deep elf demonologist
  6871 | D        | Reached skill level 27 in Earth Magic
  7009 | D        | Got The Advanced Guide to Rites and Rhymes
  7012 | D        | Identified the amulet "Aggeiweo" {Acrobat rC+ Int+2}
  7012 | D        | Identified the amulet of Gozag's Grace {Spirit rCorr Int+5}
  7016 | D        | Identified the +5 mace of the Battered Seers {vorpal, rElec
                  | rF- Will+++ SInv}
  7016 | D        | Identified the +3 falchion "Miuc" {drain, rPois SInv}
  7091 | D        | Bought a potion of magic for 88 gold pieces
  7319 | D        | Identified the ring of Ducw {Fire rPois Will+++ Str+4
                  | Dex-5}
  7417 | D        | Noticed a fire dragon
  7423 | D        | Killed a fire dragon
  7474 | D        | Reached skill level 1 in Armour
  7474 | D        | Gained mutation: Your large and strong wings let you fly.
                  | [Gargoyle growth]
  7474 | D        | Reached XP level 14. HP: 72/72 MP: 35/42
  7770 | D        | Noticed Chuck
  7774 | D        | Killed Chuck
  7775 | D        | Reached skill level 10 in Conjurations
  7792 | D        | Identified the ring of Xom's Attic {rC+ rN+ MP+9 Slay+3}
  7941 | D        | Noticed an ancient lich
  7968 | D        | Identified the ring of Pumpyt {Fly rF+ rC++ Dex-5 SInv}
  8023 | D        | Noticed a sphinx
  8023 | D        | Noticed a sphinx
  8025 | D        | Noticed a Hell Sentinel
  8025 | D        | Noticed a red draconian stormcaller
  8025 | D        | Noticed a fire giant
  8030 | D        | Killed a fire giant
  8037 | D        | Killed a red draconian stormcaller
  8040 | D        | Killed a sphinx
  8102 | D        | Killed a Hell Sentinel
  8215 | D        | Paralysed by a sphinx for 2 turns
  8217 | D        | Killed a sphinx
  8218 | D        | Reached skill level 1 in Shields
  8287 | D        | Reached skill level 27 in Spellcasting
  8452 | D        | Learned a level 5 spell: Fireball
  8461 | D        | Learned a level 8 spell: Ignition
  8503 | D        | Noticed a royal mummy
  8503 | D        | Noticed a royal mummy
  8505 | D        | Noticed an emperor scorpion
  8505 | D        | Noticed an emperor scorpion
  8505 | D        | Noticed an emperor scorpion
  8505 | D        | Noticed an emperor scorpion
  8507 | D        | Killed a royal mummy
  8508 | D        | Reached skill level 5 in Shields
  8508 | D        | Reached XP level 15. HP: 27/76 MP: 46/46
  8508 | D        | Noticed an emperor scorpion
  8508 | D        | Noticed an emperor scorpion
  8508 | D        | Noticed an emperor scorpion
  8508 | D        | Killed a royal mummy
  8596 | D        | Got a golden rune of Zot
  8612 | D        | Identified the ring "Jiedeux" {MP+9 Dex+3}
  8858 | D        | Noticed Frederick
  8861 | D        | Killed Frederick
  8862 | D        | Reached skill level 10 in Armour
  8862 | D        | Reached skill level 15 in Conjurations
  8862 | D        | Reached skill level 5 in Evocations
  8862 | D        | Noticed a shadow dragon
  8862 | D        | Noticed a lich
  8864 | D        | Killed a lich
  8864 | D        | Noticed a shadow dragon
  8869 | D        | Killed a shadow dragon
  8884 | D        | Killed a shadow dragon
  9154 | D        | Noticed a fire giant
  9158 | D        | Killed a fire giant
  9289 | D        | Noticed a titan
  9299 | D        | Killed a titan
  9547 | D        | Noticed a quicksilver dragon
  9549 | D        | Killed a quicksilver dragon
  9557 | D        | Noticed a golden dragon
  9605 | D        | Identified the +10 rapier of Makhleb's Scorn {pain, rC+
                  | Dex+3}
  9617 | D        | Noticed a quicksilver dragon
  9625 | D        | Killed a quicksilver dragon
  9627 | D        | Noticed a frost giant
  9657 | D        | Killed a frost giant
  9872 | D        | Reached XP level 16. HP: 80/80 MP: 36/47
  9975 | D        | Found the +3 giant club "Skullcrusher" {speed, Str+7}
  9981 | D        | Got a silver rune of Zot
 10043 | D        | Killed a golden dragon
 10174 | D        | Killed an ancient lich
 10175 | D        | Reached skill level 10 in Dodging
 10177 | D        | Reached skill level 10 in Shields
 10187 | D        | Noticed Mara
 10200 | D        | Killed Mara
 10446 | D        | Noticed an ancient champion
 10452 | D        | Killed an ancient champion
 10457 | D        | Identified the +7 flail of the Telling Gods {drain, Str+4}
 10667 | D        | Reached skill level 10 in Evocations
 10856 | D        | Noticed Nikola
 10856 | D        | Noticed a storm dragon
 10859 | D        | Killed Nikola
 10860 | D        | Killed a storm dragon
 10988 | D        | Found Ipli's Armour Shoppe.
 10988 | D        | Found Toidgh's Armour Shop.
 10997 | D        | Found Icsuad's Distillery.
 10997 | D        | Found Fupeol's Armour Emporium.
 11011 | D        | Bought a potion of heal wounds for 65 gold pieces
 11011 | D        | Bought a potion of magic for 104 gold pieces
 11011 | D        | Bought a potion of heal wounds for 65 gold pieces
 11011 | D        | Bought a potion of mutation for 104 gold pieces
 11025 | D        | Noticed Roxanne
 11029 | D        | Killed Roxanne
 11132 | D        | Reached skill level 1 in Fire Magic
 11301 | D        | Found Mutsir's Armour Boutique.
 11501 | D        | Acquired 360 gold pieces
 11505 | D        | Acquired 1322 gold pieces
 11509 | D        | Acquired the amulet of Iregoroe {RegenMP rF+}
 11513 | D        | Acquired a +5 morningstar of holy wrath
 11517 | D        | Acquired 771 gold pieces
 11525 | D        | Bought the +1 pair of gloves "Forget-Me-Not" {-Tele Rampage
                  | rF++ Int+4} for 495 gold pieces
 11659 | D        | Noticed an Executioner
 11661 | D        | Killed an Executioner
 11662 | D        | Reached skill level 5 in Fire Magic
 11698 | D        | Noticed Nessos
 11705 | D        | Killed Nessos
 11932 | D        | Bought a book of Scorching for 300 gold pieces
 11935 | D        | Learned a level 2 spell: Scorch
 11954 | D        | Bought the ring of Noibeov {rF+ rCorr AC+4 Int+3 Dex-2} for
                  | 634 gold pieces
 11954 | D        | Bought a scroll of immolation for 44 gold pieces
 12056 | D        | Noticed an azure jelly
 12056 | D        | Noticed an azure jelly
 12061 | D        | Killed an azure jelly
 12062 | D        | Reached skill level 1 in Maces & Flails
 12062 | D        | Killed an azure jelly
 12062 | D        | Killed an azure jelly
 12064 | D        | Killed an azure jelly
 12106 | D        | Noticed Gastronok
 12111 | D        | Killed Gastronok
 12117 | D        | Reached XP level 17. HP: 84/84 MP: 29/48
 12202 | D        | Identified the +9 tower shield of Springtime {Harm rCorr}
 12467 | D        | Reached skill level 5 in Maces & Flails
 12725 | D        | Found Esushacido's Jewellery Boutique.
 12725 | D        | Found Yqiepues's Antique Armour Emporium.
 12727 | D        | Found Deommyr's Distillery.
 12740 | D        | Bought a potion of magic for 96 gold pieces
 12740 | D        | Bought a potion of magic for 96 gold pieces
 12740 | D        | Bought a potion of heal wounds for 60 gold pieces
 12740 | D        | Bought a potion of magic for 96 gold pieces
 12740 | D        | Bought a potion of heal wounds for 60 gold pieces
 12740 | D        | Bought a potion of invisibility for 96 gold pieces
 12742 | D        | Bought a potion of brilliance for 48 gold pieces
 12744 | D        | Bought the ring "Rimyanua" {rElec rN+ MP+9} for 634 gold
                  | pieces
 12762 | D        | Got a serpentine rune of Zot
 12866 | D        | Paralysed by a floating eye for 3 turns
 13342 | D        | Reached skill level 27 in Conjurations
 13396 | D        | Reached skill level 15 in Armour
 13449 | D        | Paralysed by a floating eye for 2 turns
 13655 | D        | Found a viscous altar of Jiyva.
 13655 | D        | Noticed the Royal Jelly
 13659 | D        | Noticed an acid blob
 13659 | D        | Noticed an acid blob
 13659 | D        | Noticed an acid blob
 13661 | D        | Noticed an acid blob
 13662 | D        | Killed an acid blob
 13662 | D        | Noticed an acid blob
 13662 | D        | Noticed an acid blob
 13663 | D        | Killed an acid blob
 13666 | D        | Killed the Royal Jelly
 13666 | D        | Killed an acid blob
 13666 | D        | Noticed an acid blob
 13667 | D        | Reached skill level 10 in Fire Magic
 13667 | D        | Killed an acid blob
 13667 | D        | Killed an acid blob
 13669 | D        | Slain by an acid blob

Illustrated notes

Levels and vault maps discovered:
D:        dungeon_sprint_mu [sprint_mu_entry_forest, sprint_mu_temple_rooms,
          sprint_mu_d1_horrors, sprint_mu_d2_genie, sprint_mu_d3_branching,
          sprint_mu_orc_legion, sprint_mu_elf_gauntlet, sprint_mu_hive_nellie,
          sprint_mu_lair_fedhas, sprint_mu_vaults_butterflies,
          sprint_mu_slime_circle, sprint_mu_swamp_cave, sprint_mu_snake_twists,
          sprint_mu_blade_basic, sprint_mu_crypt_lich, sprint_mu_tomb_spiral,
          sprint_mu_vestibule_basic, sprint_mu_gehenna_hellfire,
          sprint_mu_dis_giant, sprint_mu_tartarus_statrot,
          sprint_mu_cocytus_islands, sprint_mu_zot1]

Skill      XL: |  1  2  3  4  5  6  7  8  9 10 11 12 13 14 15 16 17 |
---------------+----------------------------------------------------+-----
Earth Magic    | 5 6 7 8 12 13 15 17 19 22 24 27 | 27.0
Dodging        | 2 3 4 5 9 13 14 | 14.5
Stealth        | 3 4 5 6 7 8 |  8.0
Spellcasting   | 3 5 9 10 12 14 16 18 21 24 27 | 27.0
Transmutations | 1 2 |  2.4
Fighting       | 1 2 |  2.2
Conjurations   | 2 3 4 6 7 8 9 14 20 26 27 | 27.0
Evocations     | 1 4 8 11 | 11.5
Armour         | 1 8 13 14 15 | 15.4
Shields        | 5 9 10 | 10.8
Fire Magic     | 7 10 | 10.5
Maces & Flails | 4 8 |  8.9
Staves         | |  0.2

Action                   |  1- 3 |  4- 6 |  7- 9 | 10-12 | 13-15 | 16-18 || total
-------------------------+-------+-------+-------+-------+-------+-------++-------
Melee: Quarterstaff      |     5 |       |     1 |       |    11 |       ||    17
       Staff             |       |       |       |       |     1 |       ||     1
       Mace              |       |       |       |       |     4 |     2 ||     6
 Cast: Sandblast         |    22 |    10 |    40 |    21 |    17 |       ||   110
       Stone Arrow       |       |     1 |    16 |    31 |    16 |    14 ||    78
       Petrify           |       |       |     1 |     1 |       |       ||     2
       Passwall          |       |       |     1 |       |       |     1 ||     2
       Lee's Rapid Decon |       |       |       |    79 |   142 |    96 ||   317
       Dazzling Flash    |       |       |       |     1 |       |       ||     1
       Iron Shot         |       |       |       |    14 |    41 |    18 ||    73
       Lehudib's Crystal |       |       |       |     2 |     8 |    11 ||    21
       Shatter           |       |       |       |       |    14 |    14 ||    28
       Fireball          |       |       |       |       |       |    10 ||    10
Evoke: Condenser vane    |       |       |     1 |     1 |     5 |     1 ||     8
       Wand              |       |       |       |       |    10 |       ||    10
       Box of beasts     |       |       |       |       |     2 |     1 ||     3
  Use: Potion            |     2 |       |     1 |     2 |     9 |     3 ||    17
       Scroll            |     1 |       |       |     1 |    10 |     7 ||    19
 Stab: Confused          |       |       |       |       |     1 |       ||     1
Armor: Robe              |     1 |       |     4 |    12 |     9 |       ||    26
       Troll leather arm |       |       |       |       |    40 |    49 ||    89
Dodge: Dodged            |    19 |     3 |    12 |    27 |    55 |    38 ||   154
Block: Other             |       |       |       |       |    10 |    10 ||    20
       Reflection        |       |       |       |       |     3 |     4 ||     7

Table legend: (Time is in decaauts) A = Elapsed time spent in this place. B = Non-inter-level travel time spent in this place. C = Inter-level travel time spent in this place. D = Time resting spent in this place. E = Time spent auto-exploring this place. F = Levels seen in this place. G = Mean time per level. A B C D E F G +--------+--------+--------+--------+--------+-----+--------+ Total | 13777 | 13635 | 142 | 9511 | 11 | 1 | 13777.0 | Dungeon | 13777 | 13635 | 142 | 9511 | 11 | 1 | 13777.0 | +--------+--------+--------+--------+--------+-----+--------+

Top non-repeatable levels by time:
       D: 13777 daAuts
